 Seeded DCSS version 0.26.1-2-gb8aa6d0cf2 (webtiles) character file.

Game seed: 2766015790517002293 (custom seed)

134 oldmanjim the Shield-Bearer (level 4, -1/42 HPs)
             Began as a Deep Dwarf Fighter on Feb 23, 2021.
             Killed from afar by Natasha (10 damage)
             ... with a magic dart
             ... on level 2 of the Dungeon.
             The game lasted 00:08:23 (1317 turns).

oldmanjim the Shield-Bearer (Deep Dwarf Fighter)    Turns: 1317, Time: 00:08:23

Health: -1/42      AC:  9    Str: 21    XL:     4   Next: 95%
Magic:  4/4        EV:  5    Int:  8    God:
Gold:   88         SH: 15    Dex: 12    Spells: 3/3 levels left

rFire    + . .     SeeInvis .   m - +1 dagger (flame)
rCold    x . .     Faith    .   c - +0 kite shield
rNeg     . . .     Spirit   .   f - +0 chain mail (curse)
rPois    .         Reflect  +   (no helmet)
rElec    .         Harm     .   (no cloak)
rCorr    .         Rampage  .   (no gloves)
Will     .....                  (no boots)
Stlth    ..........             i - amulet of reflection
HPRegen  0.00/turn              h - ring of fire
MPRegen  0.09/turn              k - ring of stealth

@: non-regenerating, slowed, very slow
A: damage resistance, heal wounds, sense surroundings 1, no regeneration
a: Heal Wounds


You were on level 2 of the Dungeon.
You visited 1 branch of the dungeon, and saw 2 of its levels.

You collected 88 gold pieces.

Inventory:

Hand Weapons
 a - a +0 war axe
 m - a +1 dagger of flaming (weapon)
Missiles
 g - 92 stones (quivered)
 n - 16 sling bullets
Armour
 b - a +0 scale mail
 c - a +0 kite shield (worn)
 f - a cursed +0 chain mail (worn)
Jewellery
 h - a ring of fire (left hand)
 i - an amulet of reflection (around neck)
 k - a ring of stealth (right hand)
 r - an uncursed amulet of magic regeneration {unknown}
Scrolls
 e - 4 scrolls of teleportation {unknown}
 j - a scroll of remove curse {unknown}
 l - 3 scrolls of fog {unknown}
 p - a scroll of magic mapping {unknown}
 s - 2 scrolls of identify {unknown}
Potions
 d - a potion of might
 o - a potion of heal wounds {unknown}
 q - a potion of attraction {unknown}


   Skills:
 - Level 3.0 Fighting
 + Level 3.8 Axes
 - Level 4.0 Armour
 + Level 4.5 Shields


You had 3 spell levels left.
You didn't know any spells.
Your spell library was empty.

Dungeon Overview and Level Annotations

Branches:
Dungeon (2/15)

Altars:

Annotations:
D:2 Natasha


Innate Abilities, Weirdness & Mutations

You are resistant to damage.
You can heal yourself by infusing magical energy.
You passively map a small area around you.
You do not regenerate.


Message History

Natasha is heavily wounded.
Natasha casts a spell at you. The magic dart hits you.
* * * LOW HITPOINT WARNING * * *
Natasha completely misses you.
You barely miss Natasha.
Natasha is heavily wounded.
Natasha claws you.
* * * LOW HITPOINT WARNING * * *
You barely miss Natasha.
Natasha is heavily wounded.
You block Natasha's attack. Natasha claws you.
You barely miss Natasha.
Natasha is heavily wounded.
You block Natasha's attack.
You closely miss Natasha.
Natasha is heavily wounded.
Natasha stares at you and mumbles some strange words.
The magic dart hits you!
You die...

###.####....#.#
#...#....##†## ,
###.....##...# , *
#....##....## , ,
##..##......# ,
#..##....##.######
, .## *
#.##....###......#
, ....# #†#....##
#.####.## ,
#...#.#.h@##
#..###..# , *
#.).....##
##...##.## ,
#.##.....##
###.....# , , , #.
#......####
###.#.# * .
#####.....# #.#.##
* ## * #[....#
#....## ,** *
######.....#
##.#..<
#..........#
#.#### ,
#..........#
#..###


You could see Natasha.

Vanquished Creatures
  Natasha (twice) (D:2)
  4 adders (D:2)
  An ooze (D:1)
  2 dart slugs (D:1)
  A leopard gecko (D:2)
  2 giant cockroaches
  7 goblins
  4 hobgoblins
  A ball python (D:2)
  4 bats
  4 frilled lizards
  7 kobolds
  6 rats
45 creatures vanquished.

Vanquished Creatures (others)
  A plant (D:1)
1 creature vanquished.

Grand Total: 46 creatures vanquished

Notes
Turn   | Place    | Note
-------+----------+-------------------------------------------
     0 | D:1      | oldmanjim the Deep Dwarf Fighter began the quest for the
                  | Orb.
     0 | D:1      | Reached XP level 1. HP: 20/20 MP: 1/1
    76 | D:1      | You fall into a shaft and drop 1 floor!
   173 | D:2      | Reached XP level 2. HP: 18/27 MP: 2/2
   695 | D:1      | Reached XP level 3. HP: 20/34 MP: 3/3
  1156 | D:2      | Noticed Natasha
  1189 | D:2      | Reached XP level 4. HP: 21/42 MP: 4/4
  1200 | D:2      | Killed Natasha
  1271 | D:2      | Noticed Natasha
  1281 | D:2      | Killed Natasha
  1305 | D:2      | Noticed Natasha
  1317 | D:2      | Killed from afar by Natasha

Illustrated notes

Levels and vault maps discovered:
D:1:      sevenhm_arrival_forest_fort_large_4, layout_loops_ring
D:2:      layout_rooms, nrook_mini_backslash, uniq_natasha

Skill      XL: |  1  2  3 |
---------------+----------+-----
Fighting       | 3 |  3.0
Axes           | 3 |  3.8
Shields        | 4 |  4.5
Armour         | 4 |  4.0

Action                   |  1- 3 |  4- 6 || total
-------------------------+-------+-------++-------
Melee: War axe           |    63 |       ||    63
       Dagger            |    83 |    43 ||   126
Throw: Stone             |     4 |       ||     4
Armor: Scale mail        |    10 |       ||    10
       Chain mail        |    24 |    12 ||    36
Dodge: Dodged            |    21 |     6 ||    27
Block: Kite shield       |   115 |    25 ||   140
       Reflection        |     1 |       ||     1
